Map: Newkirk Precinct TE (Void)

Players

Nerchio

  • Race: Zerg Zerg
  • League: Grandmaster
  • Spawn Location: 7:00

llllllllllll (Zest) - Winner!

  • Race: Protoss Protoss
  • League: Master
  • Spawn Location: 5:00

Event: NationWars IV

VOD

Have the link to the VOD?

Description

Time

  • Played on: Jan. 21, 2017, 5:16 p.m.
  • Length: 14:09

All games in this series

Show
View Real Time Build Order
Export as new Build Order

Nerchio Zerg 

Build Orders: Hatch First 

Get SALT Encoding   

  12  0:00  Drone  
  13  0:13  Overlord  
  13  0:18  Drone  
  14  0:31  Drone x2  
  14  0:35  Drone  
  17  0:52  Drone  
  18  0:59  Drone, Hatchery  
  18  1:07  Extractor  
  17  1:15  Spawning Pool  
  17  1:18  Drone  
  17  1:21  Drone  
  18  1:29  Drone  
  19  1:39  Overlord  
  19  1:50  Drone  
  20  2:02  Zergling x2, Queen  
  20  2:07  Metabolic Boost  
  23  2:11  Queen  
  23  2:14  Drone  
  26  2:18  Drone  
  26  2:22  Drone  
  28  2:26  Zergling x2  
  29  2:42  Hatchery  
  28  2:44  Drone  
  28  2:48  Drone  
  28  2:50  Drone  
  31  2:53  Drone  
  31  2:57  Overlord  
  32  3:01  Drone  
  33  3:10  Drone  
  33  3:11  Drone  
  33  3:12  Drone  
  35  3:17  Drone x3  
  38  3:22  Queen  
  38  3:26  Overlord  
  40  3:29  Drone  
  40  3:31  Drone  
  42  3:34  Overlord  
  42  3:43  Lair  
  42  3:44  Drone x2  
  42  3:46  Drone  
  45  3:49  Drone  
  45  3:52  Drone x2  
  48  3:57  Roach Warren  
  48  4:00  Extractor  
  48  4:01  Drone  
  47  4:03  Drone  
  47  4:04  Drone  
  47  4:06  Drone  
  47  4:07  Drone  
  51  4:10  Extractor  
  51  4:11  Overlord  
  50  4:22  Overlord  
  50  4:24  Queen  
  50  4:27  Drone x3  
  55  4:37  Roach x3, Spore Crawler  
  60  4:38  Roach  
  60  4:43  Overseer  
  60  4:44  Roach  
  60  4:45  Roach  
  66  4:51  Roach x2  
  69  4:58  Queen  
  71  5:04  Drone x6  
  75  5:09  Overlord  
  75  5:12  Drone x4  
  79  5:14  Drone  
  79  5:15  Drone  
  79  5:18  Glial Reconstitution  
  81  5:25  Overlord x2  
  81  5:36  Roach x2  
  81  5:37  Hatchery  
  81  5:40  Ravager  
  81  5:41  Drone x3  
  81  5:42  Drone  
  87  5:44  Drone  
  87  5:47  Evolution Chamber  
  87  5:48  Extractor  
  86  5:52  Queen  
  88  6:05  Drone x3  
  91  6:11  Drone x2, Hydralisk Den  
  91  6:12  Drone x6  
  91  6:13  Extractor  
  91  6:14  Overseer  
  91  6:15  Overlord  
  97  6:19  Zerg Missile Weapons Level 1  
  97  6:20  Overlord  
  97  6:21  Overlord  
  97  6:25  Overlord x2  
  97  6:29  Overlord  
  97  6:31  Overlord  
  97  6:32  Extractor, Overlord  
  96  6:36  Zergling x2  
  97  6:44  Hydralisk x4  
  97  6:45  Hydralisk  
  107  6:48  Ravager x2  
  107  6:49  Hydralisk  
  112  6:54  Ravager  
  112  6:56  Zergling x4, Roach  
  112  7:00  Zergling x6  
  119  7:01  Ravager x2  
  119  7:02  Ravager  
  119  7:03  Zergling x2  
  119  7:04  Zergling x2  
  119  7:05  Zergling x2  
  119  7:07  Queen x3  
  131  7:13  Zergling x4  
  131  7:15  Zergling x4  
  134  7:16  Zergling x2  
  134  7:21  Hydralisk x2  
  136  7:24  Hydralisk  
  129  7:32  Hydralisk x2, Overseer  
  129  7:35  Hydralisk  
  129  7:38  Roach  
  129  7:40  Roach  
  129  7:41  Roach  
  129  7:42  Queen x2  
  139  7:46  Hydralisk x3  
  139  7:50  Hydralisk x2  
  149  7:54  Hydralisk  
  149  7:56  Zergling x2  
  146  8:10  Muscular Augments  
  145  8:12  Zergling x2  
  145  8:13  Zergling x14  
  145  8:16  Overlord  
  145  8:18  Zerg Melee Weapons Level 1  
  145  8:19  Baneling Nest  
  151  8:21  Overlord  
  151  8:22  Spore Crawler  
  151  8:23  Overlord  
  150  8:31  Zergling x4  
  152  8:35  Zergling x16  
  152  8:39  Zergling x6  
  163  8:41  Zergling x2  
  163  8:42  Zergling x2  
  163  8:44  Zergling x2  
  166  8:51  Zergling x4  
  166  8:59  Zergling x2  
  166  9:00  Zergling x10  
  166  9:02  Centrifical Hooks  
  172  9:04  Zergling x2  
  172  9:05  Zergling x6  
  172  9:06  Overlord  
  172  9:07  Overlord  
  176  9:10  Overlord  
  176  9:17  Overlord x2  
  171  9:24  Hydralisk  
  171  9:25  Hydralisk x4  
  171  9:27  Hydralisk  
  171  9:31  Hydralisk x2  
  173  9:34  Hydralisk  
  173  9:37  Zergling x6  
  177  9:38  Hydralisk  
  177  9:41  Hydralisk  
  177  9:46  Hydralisk x2  
  177  9:48  Hydralisk  
  177  9:52  Hydralisk  
  177  9:53  Hydralisk  
  177  9:54  Overseer  
  177  9:56  Zergling x2  
  177  9:57  Zergling x2  
  177  10:00  Hydralisk  
  177  10:02  Hydralisk  
  177  10:04  Hydralisk  
  177  10:05  Hydralisk  
  174  10:08  Zergling x4  
  174  10:13  Hydralisk  
  172  10:16  Hydralisk x2  
  172  10:17  Hydralisk  
  172  10:20  Zergling x2  
  164  10:22  Hydralisk  
  164  10:25  Zergling x4  
  149  10:31  Hydralisk x2  
  149  10:32  Hydralisk  
  149  10:33  Hydralisk  
  141  10:36  Hydralisk  
  141  10:37  Hydralisk  
  141  10:41  Hydralisk  
  143  10:45  Hydralisk x2  
  143  10:47  Hydralisk  
  145  10:51  Lurker Den  
  145  10:53  Zergling x4  
  145  10:55  Overseer  
  145  10:57  Zergling x2  
  148  10:59  Zergling x2  
  148  11:00  Zergling x2  
  148  11:01  Zergling x4  
  148  11:02  Zergling x2  
  151  11:06  Zergling x6  
  151  11:07  Zergling x2  
  152  11:13  Zergling x10  
  152  11:16  Zerg Missile Weapons Level 2  
  157  11:20  Extractor  
  157  11:25  Spire  
  153  11:31  Baneling x13  
  153  11:32  Baneling x2  
  153  11:39  Zergling x10  
  158  11:44  Baneling x3  
  158  11:45  Baneling x7  
  158  11:47  Baneling  
  158  11:51  Baneling x7  
  158  11:52  Baneling  
  158  11:53  Baneling  
  158  11:54  Zergling x2  
  158  11:58  Zergling x6  
  158  12:01  Zergling x4  
  163  12:02  Zergling x2  
  165  12:08  Zergling x2  
  165  12:09  Zergling x10  
  166  12:15  Zergling x2  
  166  12:16  Zergling x8  
  170  12:40  Zergling x12  
  170  12:42  Zergling x4  
  169  12:45  Hydralisk x7  
  169  12:49  Hydralisk  
  181  12:51  Hydralisk  
  181  12:55  Zergling x4  
  181  12:57  Zergling x2  
  163  13:00  Zergling x2  
  156  13:07  Hydralisk x3  
  158  13:13  Zergling x6  
  158  13:16  Zergling x2  
  158  13:17  Zergling x4  
  158  13:18  Zergling x2  
  158  13:19  Zergling x2  
  162  13:22  Zergling x4  
  162  13:24  Zergling x2  
  145  13:27  Hydralisk  
  145  13:29  Hydralisk  
  145  13:33  Hydralisk  
  133  13:35  Hydralisk  
  133  13:37  Zergling x2  
  133  13:39  Hydralisk  
  136  13:42  Zergling x2  
  136  13:45  Zergling x2  
  136  13:46  Zergling x4  
  136  13:48  Zergling x2  
Show
View Real Time Build Order
Export as new Build Order

llllllllllll Protoss - Winner!

Build Orders: 1 Gate Expand, Zealot Archon, Dark Templar Rush 

Get SALT Encoding   

  12  0:01  Probe (Chrono Boost)  
  13  0:11  Probe (Chrono Boost)  
  14  0:18  Pylon  
  14  0:22  Probe (Chrono Boost)  
  15  0:36  Probe (Chrono Boost)  
  15  0:39  Gateway  
  16  0:47  Probe (Chrono Boost)  
  16  0:49  Assimilator  
  17  0:57  Probe (Chrono Boost)  
  18  1:08  Probe (Chrono Boost)  
  19  1:23  Nexus  
  19  1:26  Probe (Chrono Boost)  
  20  1:37  Cybernetics Core  
  20  1:39  Probe (Chrono Boost)  
  21  1:45  Assimilator  
  21  1:50  Probe (Chrono Boost)  
  21  1:54  Pylon  
  22  2:00  Probe (Chrono Boost)  
  23  2:09  Adept  
  23  2:13  Probe (Chrono Boost)  
  23  2:14  Warp Gate  
  26  2:26  Mothership Core (Chrono Boost)  
  28  2:35  Probe (Chrono Boost)  
  29  2:44  Twilight Council  
  29  2:45  Probe (Chrono Boost)  
  29  2:46  Probe (Chrono Boost)  
  31  2:55  Probe (Chrono Boost)  
  31  2:56  Probe (Chrono Boost)  
  33  3:02  Robotics Facility  
  33  3:06  Probe (Chrono Boost)  
  33  3:07  Probe (Chrono Boost)  
  35  3:16  Probe (Chrono Boost)  
  35  3:17  Probe (Chrono Boost)  
  38  3:27  Probe (Chrono Boost)  
  38  3:28  Probe (Chrono Boost)  
  38  3:29  Dark Shrine  
  38  3:32  Gateway  
  38  3:33  Gateway  
  39  3:37  Probe (Chrono Boost)  
  39  3:39  Probe (Chrono Boost)  
  41  3:42  Gateway  
  41  3:45  Warp Prism  
  41  3:53  Probe (Chrono Boost)  
  41  3:54  Probe (Chrono Boost)  
  45  3:58  Pylon  
  45  4:02  Assimilator  
  45  4:04  Probe (Chrono Boost)  
  45  4:06  Assimilator  
  45  4:09  Pylon  
  46  4:16  Probe (Chrono Boost)  
  48  4:17  Probe (Chrono Boost)  
  48  4:27  Probe (Chrono Boost)  
  48  4:28  Probe (Chrono Boost)  
  50  4:36  Pylon  
  50  4:38  Probe x2 (Chrono Boost)  
  52  4:48  Probe (Chrono Boost)  
  52  4:49  Probe (Chrono Boost)  
  52  4:50  Dark Templar x4  
  61  5:07  Blink  
  63  5:16  Pylon  
  63  5:19  Archon x2  
  63  5:27  Gateway  
  63  5:28  Gateway  
  61  5:30  Stalker x4, Gateway  
  61  5:32  Gateway  
  69  5:44  Observer  
  69  5:45  Pylon  
  70  5:54  Nexus  
  70  5:57  Pylon  
  70  6:06  Stalker x4  
  70  6:09  Pylon  
  78  6:23  Pylon  
  78  6:24  Stalker x3  
  84  6:29  Stalker  
  86  6:36  Stalker x2  
  90  6:42  Stalker  
  94  6:48  Probe x2 (Chrono Boost)  
  94  7:05  Stalker x3  
  94  7:06  Stalker x2  
  104  7:17  Stalker  
  104  7:18  Stalker x2  
  94  7:38  Probe (Chrono Boost)  
  94  7:39  Probe (Chrono Boost)  
  94  7:41  Immortal  
  94  7:42  Probe (Chrono Boost)  
  99  7:47  Forge  
  99  7:49  Sentry x3  
  99  7:50  Probe (Chrono Boost), Sentry x3  
  99  7:51  Probe (Chrono Boost)  
  112  7:53  Probe (Chrono Boost)  
  113  8:03  Probe x3 (Chrono Boost)  
  116  8:14  Probe (Chrono Boost), Assimilator  
  116  8:15  Probe x2 (Chrono Boost)  
  116  8:16  Robotics Bay, Robotics Facility  
  116  8:17  Pylon  
  116  8:18  Assimilator  
  119  8:21  Pylon  
  119  8:22  Protoss Ground Weapons Level 1  
  119  8:23  Pylon  
  119  8:26  Probe x2 (Chrono Boost)  
  122  8:28  Probe (Chrono Boost)  
  122  8:30  Immortal  
  126  8:42  Photon Cannon  
  126  8:48  Pylon  
  126  9:00  Nexus  
  126  9:04  Pylon  
  126  9:05  Probe (Chrono Boost)  
  126  9:06  Colossus  
  126  9:07  Probe (Chrono Boost)  
  128  9:13  Colossus  
  140  9:22  Zealot x8  
  146  9:43  Zealot x8  
  136  10:06  Zealot x8  
  140  10:08  Colossus  
  140  10:11  Probe x2 (Chrono Boost)  
  140  10:13  Probe (Chrono Boost)  
  130  10:17  Extended Thermal Lance  
  130  10:21  Colossus  
  112  10:40  Probe (Chrono Boost)  
  113  10:49  Zealot x7  
  127  10:52  Probe (Chrono Boost)  
  127  10:54  Probe (Chrono Boost)  
  131  10:57  Probe (Chrono Boost)  
  131  10:58  Probe (Chrono Boost), Assimilator  
  131  11:07  Warp Prism  
  131  11:10  Immortal  
  135  11:29  Probe (Chrono Boost)  
  135  11:30  Probe x2 (Chrono Boost)  
  135  11:31  Probe (Chrono Boost)  
  139  11:35  Cybernetics Core  
  139  11:37  Dark Templar x4  
  139  11:38  Dark Templar x2  
  151  11:43  Archon x2  
  151  11:47  Dark Templar x2  
  151  11:53  Pylon  
  155  11:57  Archon, Pylon  
  155  11:59  Pylon  
  153  12:03  Pylon  
  153  12:09  Pylon  
  153  12:17  Dark Templar x4  
  153  12:18  Dark Templar x2  
  153  12:19  Dark Templar x2  
  169  12:23  Archon  
  169  12:24  Archon x3  
  169  12:26  Observer x2  
  171  12:31  Probe (Chrono Boost)  
  171  12:32  Probe x3 (Chrono Boost)  
  171  12:58  Stalker x6  
  139  12:59  Stalker x2  
  139  13:01  Probe x2 (Chrono Boost)  
  151  13:09  Probe (Chrono Boost)  
  151  13:10  Probe (Chrono Boost)  
  151  13:11  Warp Prism  
  147  13:13  Probe x2 (Chrono Boost)  
  141  13:34  Stalker x5  
  129  14:01  Zealot x8  
Tags
 
Add a new tag
Caveats
  • Supply blocks, unpowered buildings, or Contaminate may cause inaccurate times.
  • Supply counts are checked every 10 seconds.